 Dungeon Crawl Stone Soup version 0.22-b1-59-g0aedee734a (webtiles) character file.

3175 Faustar the Cleaver (level 9, -4/133 HPs)
             Began as a Minotaur Berserker on Aug 10, 2018.
             Was an Elder of Trog.
             Slain by a hornet (9 damage)
             ... on level 8 of the Dungeon.
             The game lasted 00:06:58 (5903 turns).

Faustar the Cleaver (Minotaur Berserker)            Turns: 5903, Time: 00:06:59

Health: -4/133     AC:  6    Str: 30    XL:     9   Next: 63%
Magic:  0/8        EV: 11    Int:  4    God:    Trog [****..]
Gold:   397        SH:  4    Dex: 10    Spells: 8/8 levels left

rFire    . . .     SeeInvis .   z - +0 war axe
rCold    . . .     Gourm    .   v - +0 buckler
rNeg     . . .     Faith    .   h - +0 scale mail
rPois    +         Spirit   +   (helmet restricted)
rElec    .         Reflect  .   (no cloak)
rCorr    .         Harm     .   (no gloves)
MR       ++...                  (no boots)
Stlth    ..........             r - amulet of guardian spirit
HPRegen  1.32/turn              t - ring of poison resistance
MPRegen  0.11/turn              (no ring)

@: berserking, lethally poisoned (-4 -> -4), regenerating, slowed
A: retaliatory headbutt, horns 2
a: Berserk, Trog's Hand, Brothers in Arms, Renounce Religion


You were on level 8 of the Dungeon.
You worshipped Trog.
Trog was greatly pleased with you.
You were hungry.

You visited 2 branches of the dungeon, and saw 9 of its levels.

You collected 427 gold pieces.
You spent 30 gold pieces at shops.

Inventory:

Hand Weapons
 a - a +0 hand axe
 z - a +0 war axe (weapon)
Armour
 b - a +0 animal skin
 d - a +0 leather armour
 h - a +0 scale mail (worn)
 v - a +0 buckler (worn)
Jewellery
 r - an amulet of guardian spirit (around neck)
 s - an uncursed ring of protection from fire {unknown}
 t - a ring of poison resistance (left hand)
 x - an uncursed ring of wizardry {unknown}
Scrolls
 g - 6 scrolls of remove curse {unknown}
 m - 2 scrolls of fear {unknown}
 n - 2 scrolls of enchant weapon {unknown}
 o - 6 scrolls of identify
 p - a scroll of enchant armour {unknown}
 u - 4 scrolls of teleportation {unknown}
 w - a scroll of fog {unknown}
 y - 2 scrolls of amnesia {unknown}
 C - a scroll of holy word {unknown}
Potions
 e - a potion of agility {unknown}
 f - 4 potions of curing
 i - 3 potions of heal wounds {unknown}
 j - 2 potions of mutation {unknown}
 k - a potion of cancellation {unknown}
 l - 2 potions of flight {unknown}
 q - a potion of haste {unknown}
 A - a potion of lignification {unknown}
 D - 2 potions of might {unknown}
Comestibles
 c - 13 rations
 B - 5 chunks of flesh


   Skills:
 + Level 11.4 Fighting
 + Level 11.4 Axes
 - Level 2.4 Armour
 - Level 2.1 Dodging
 - Level 4.2 Shields


You had 8 spell levels left.
You didn't know any spells.
Your spell library was empty.

Dungeon Overview and Level Annotations

Branches:
Dungeon (8/15)             Temple (1/1) D:5
   Lair: D:8-11

Altars:
Fedhas
Kikubaaqudgha
Qazlal
Ru

Shops:
D:4 [   D:5 [!


Innate Abilities, Weirdness & Mutations

You reflexively headbutt those who attack you in melee.
You have a pair of horns on your head.


Message History

You are feeling hungry.
The hornet stings you!
* * * LOW HITPOINT WARNING * * *
The hornet stings you.
* * * LOW HITPOINT WARNING * * *
The hornet barely misses you. You furiously retaliate!
You headbutt the hornet. You slice the hornet!!
You kill the hornet!
Trog accepts your kill.
You feel sick.
You closely miss the worker ant. You headbutt the worker ant!
You kill the worker ant!
Trog accepts your kill. The hornet stings you!
* * * LOW HITPOINT WARNING * * *
You feel as though you will be slow longer.
You slash the hornet!
The hornet is moderately wounded.
The hornet stings you!
You die...

#.# #.##.# #.# #.#
#.##.### #.# #.#
##.##...####### #.## #.#
##>..........รท)#######..#
#.#
##...#.##.#####))........#
###.####.#..##.###
##########.#..
.....##.##......#.#.#
#...# ####.###.#.###..##.#
###.# #.####..##.##@y#.#
#.# #............##a#.#
#.# #.#####......# ####
#.# #.# #######.# #.# #.#
.# ..# ####.# .. #. .....#
#.# #.# ###### .# #.# ####
#.# #.#


You could see a soldier ant and a hornet.

Vanquished Creatures
  A hornet (D:8)
  Grum (D:8)
  A hungry ghost (D:8)
  Menkaure (D:7)
  3 ice beasts
  2 black bears (D:6)
  A sky beast (D:6)
  2 phantoms
  3 wolves (D:8)
  An ogre (D:6)
  2 centaurs
  5 bullfrogs
  A gnoll sergeant (D:8)
  2 scorpions
  2 crimson imps
  2 orc priests (D:6)
  A bullfrog skeleton (D:4)
  4 hounds
  3 jellies
  3 orc wizards
  An iguana (D:6)
  Natasha (twice) (D:4)
  5 worker ants
  9 adders
  5 gnolls
  3 shadow imps
  4 worms
  A dart slug (D:2)
  4 leopard geckos
  11 orcs
  9 giant cockroaches
  7 goblins
  4 hobgoblins
  10 jackals
  11 kobolds
  6 quokkas
  3 bats
  10 frilled lizards
  A jackal skeleton (D:4)
  A quokka zombie (D:6)
  5 rats
153 creatures vanquished.

Notes
Turn   | Place    | Note
-------+----------+-------------------------------------------
     0 | D:1      | Faustar the Minotaur Berserker began the quest for the Orb.
     0 | D:1      | Reached XP level 1. HP: 19/19 MP: 0/0
   197 | D:1      | Reached XP level 2. HP: 25/27 MP: 1/1
   674 | D:1      | Reached XP level 3. HP: 34/34 MP: 2/2
   777 | D:2      | Reached ** piety under Trog
   863 | D:2      | Found a stormy altar of Qazlal.
  1053 | D:2      | Reached skill level 5 in Fighting
  1053 | D:2      | Reached skill level 5 in Axes
  1053 | D:2      | Reached XP level 4. HP: 37/42 MP: 3/3
  1500 | D:3      | Reached *** piety under Trog
  1792 | D:4      | Reached XP level 5. HP: 49/49 MP: 4/4
  1957 | D:4      | Noticed Natasha
  1963 | D:4      | Killed Natasha
  2000 | D:4      | Found Gapt's Armour Shoppe.
  2121 | D:4      | Noticed Natasha
  2129 | D:4      | Killed Natasha
  2129 | D:4      | Reached XP level 6. HP: 37/58 MP: 3/5
  2634 | D:5      | Entered Level 5 of the Dungeon
  2814 | D:5      | Found Jemumeub's Distillery.
  2824 | D:5      | Bought a potion of curing for 30 gold pieces
  2873 | D:5      | Found Suxkuzxius's Antique Armour Boutique.
  3223 | D:5      | Reached XP level 7. HP: 48/64 MP: 4/6
  3272 | D:5      | Found a staircase to the Ecumenical Temple.
  3293 | Temple   | Entered the Ecumenical Temple
  3655 | D:6      | Reached XP level 8. HP: 60/74 MP: 5/7
  3743 | D:6      | Found a blossoming altar of Fedhas.
  4045 | D:6      | Reached **** piety under Trog
  4577 | D:7      | Found a sacrificial altar of Ru.
  4577 | D:7      | Noticed Menkaure
  4582 | D:7      | Killed Menkaure
  4582 | D:7      | Reached skill level 10 in Fighting
  4582 | D:7      | Reached skill level 10 in Axes
  4636 | D:7      | Reached XP level 9. HP: 81/85 MP: 6/8
  5740 | D:8      | Noticed Grum
  5758 | D:8      | Killed Grum
  5893 | D:8      | Paralysed by a hornet for 3 turns
  5902 | D:8      | HP: 4/133 [hornet (7)]
  5903 | D:8      | Slain by a hornet

Skill      XL: |  1  2  3  4  5  6  7  8  9 |
---------------+----------------------------+-----
Fighting       | 4 5 6 8 10 11 | 11.4
Axes           | 4 5 6 8 10 11 | 11.4
Shields        | 3 4 |  4.2
Armour         | |  2.4
Dodging        | |  2.1

Action                   |  1- 3 |  4- 6 |  7- 9 || total
-------------------------+-------+-------+-------++-------
Melee: Hand axe          |    76 |   120 |   114 ||   310
       Headbutt          |     9 |    24 |    33 ||    66
       War axe           |       |       |    96 ||    96
Invok: Berserk           |       |       |     6 ||     6
       Trog's Hand       |       |       |     7 ||     7
  Use: Scroll            |       |     1 |       ||     1
  Eat: Chunk             |       |     7 |    14 ||    21
       Ration            |       |       |     1 ||     1
Armor: Leather armour    |     2 |       |       ||     2
       Scale mail        |    21 |    38 |    75 ||   134
Dodge: Dodged            |    39 |    57 |   101 ||   197
Block: Buckler           |       |       |    38 ||    38
